 Dungeon Crawl Stone Soup version 0.26-a0-682-g294304f6e8 (webtiles) character file.

Game seed: 14655795840932371502

1029 dickylongcocking the Ruffian (level 8, -2/70 HPs)
             Began as a Black Draconian Transmuter on Oct 21, 2020.
             Was a Follower of Makhleb.
             Shot with an arrow by a centaur (10 damage)
             ... on level 5 of the Dungeon.
             The game lasted 00:05:31 (6247 turns).

dickylongcocking the Ruffian (DrTm)                 Turns: 6247, Time: 00:05:32

Health: -2/70      AC:  2    Str: 12 (13) XL:     8   Next: 3%
Magic:  11/11      EV: 19    Int: 13 (16) God:    Makhleb [*.....]
Gold:   160        SH:  0    Dex: 16      Spells: 7/11 levels left

rFire    . . .     SeeInvis .     - Unarmed
rCold    . . .     Faith    .   (shield currently unavailable)
rNeg     . . .     Spirit   .   (armour unavailable)
rPois    x         Reflect  .   (helmet currently unavailable)
rElec    .         Harm     .   (cloak currently unavailable)
rCorr    .         Rampage  .   (gloves currently unavailable)
MR       +....                  (boots currently unavailable)
Stlth    +.........             (no amulet)
HPRegen  0.21/turn              h - ring of protection from magic
MPRegen  0.12/turn              (no ring)

@: short of breath, spider-form (expiring)
A: tiny, (breathe lightning), unfitting armour, AC +6
a: End Transformation, Renounce Religion


You were on level 5 of the Dungeon.
You worshipped Makhleb.
Makhleb was aware of your devotion.
You were a venomous arachnid creature.
You visited 1 branch of the dungeon, and saw 5 of its levels.

You collected 160 gold pieces.

Inventory:

Jewellery
 h - a ring of protection from magic (left front leg)
Wands
 g - a wand of paralysis (8)
Scrolls
 a - a scroll of remove curse
 b - 5 scrolls of identify
 c - a scroll of enchant weapon {unknown}
 d - a scroll of teleportation {unknown}
 e - 2 scrolls of amnesia
Potions
 f - a potion of flight


   Skills:
 * Level 6.3 Fighting
 - Level 1.7 Dodging
 * Level 6.7 Unarmed Combat
 - Level 2.0 Spellcasting
 * Level 4.5 Transmutations


You had 7 spell levels left.
You knew the following spells:

 Your Spells              Type           Power        Failure   Level
a - Beastly Appendage     Tmut           ##....       13%         1
c - Spider Form           Tmut/Pois      #.........   52%         3

Your spell library contained the following spells:

 Spells                   Type           Power        Failure   Level
 Wereblood                Tmut           ##......     17%         2
 Ice Form                 Ice/Tmut       #.......     86%         4
 Blade Hands              Tmut           ##........   88%         5


Dungeon Overview and Level Annotations

Branches:
Dungeon (5/15)
 Temple: D:4-7

Altars:
Makhleb
Trog


Innate Abilities, Weirdness & Mutations

((You can breathe wild blasts of lightning.))
((Your glossy black scales are hard. (AC +6)))
You cannot fit into any form of body armour.
((You are resistant to electric shocks. (rElec)))
((You are cold-blooded and may be slowed by cold attacks.))


Message History

The orc dies!
Unknown command.
The centaur shoots an arrow.
The arrow completely misses you.
The centaur shoots an arrow.
The arrow hits you!
* * * LOW HITPOINT WARNING * * *
The arrow freezes you.
* * * LOW HITPOINT WARNING * * *
There is a stone staircase leading up here.
You see here an arrow.
Unknown command.
Unknown command.
The worker ant closely misses you.
The centaur shoots an arrow.
The arrow completely misses you.
In your confused state, you trip and fall back down the stairs.
* * * LOW HITPOINT WARNING * * *
You feel less invigorated.
You feel less confused. The worker ant closely misses you.
The centaur shoots an arrow.
The arrow hits you!
You die...

###########
#.........#
########(........#
^.....(..........#
......)).........#
......#.(sB.......
...........######
....#####))†.# .#.
##.c.# # ###...
..... .....#
##....# ##)..


You could see a centaur and a worker ant.

Vanquished Creatures
  Sigmund (D:2)
  2 ogres (D:4)
  A scorpion (D:3)
  A centaur zombie (D:4)
  3 centaur skeletons (D:4)
  A hound (D:4)
  A bullfrog skeleton (D:4)
  An orc wizard (D:5)
  3 worker ants
  Natasha (thrice) (D:2)
  3 hound skeletons (D:4)
  2 hound zombies (D:4)
  A worker ant zombie (D:4)
  4 gnolls (D:5)
  3 adders (D:3)
  5 oozes
  3 adder zombies (D:4)
  3 worms
  A dart slug (D:1)
  5 leopard geckos
  8 orcs
  A ball python (D:1)
  3 bats
  6 giant cockroaches
  10 goblins
  9 hobgoblins
  11 jackals
  10 kobolds
  4 quokkas
  7 frilled lizards
  2 giant cockroach zombies (D:4)
  A jackal zombie (D:4)
  2 leopard gecko skeletons (D:4)
  A leopard gecko zombie (D:3)
  10 rats
132 creatures vanquished.

Vanquished Creatures (others)
  An orc (D:5)
  A withered plant (D:4)
2 creatures vanquished.

Grand Total: 134 creatures vanquished

Notes
Turn   | Place    | Note
-------+----------+-------------------------------------------
     0 | D:1      | dickylongcocking the Draconian Transmuter began the quest
                  | for the Orb.
     0 | D:1      | Reached XP level 1. HP: 16/16 MP: 3/3
   231 | D:1      | Reached XP level 2. HP: 12/23 MP: 3/5
   770 | D:1      | Reached XP level 3. HP: 18/29 MP: 4/6
  1593 | D:2      | Noticed Natasha
  1603 | D:2      | Killed Natasha
  1603 | D:2      | Reached XP level 4. HP: 36/37 MP: 5/7
  1775 | D:2      | Noticed Sigmund
  1796 | D:1      | Learned a level 3 spell: Spider Form
  1960 | D:2      | Killed Sigmund
  1960 | D:2      | Reached skill level 5 in Unarmed Combat
  1960 | D:2      | Reached XP level 5. HP: 26/46 MP: 2/8
  2101 | D:2      | Noticed Natasha
  2586 | D:2      | Killed Natasha
  2806 | D:2      | Reached XP level 6. HP: 53/53 MP: 9/9
  2836 | D:2      | Noticed Natasha
  2845 | D:2      | Killed Natasha
  3424 | D:3      | Found a burning altar of Makhleb.
  3441 | D:3      | Noticed an Executioner
  3445 | D:3      | Noticed an orange demon
  3445 | D:3      | Noticed a smoke demon
  3447 | D:3      | Became a worshipper of Makhleb the Destroyer
  3648 | D:3      | Found a bloodstained altar of Trog.
  4280 | D:4      | Reached skill level 5 in Fighting
  4291 | D:4      | Your scales start taking on a glossy black colour.
  4291 | D:4      | Reached XP level 7. HP: 33/61 MP: 7/10
  4291 | D:4      | Gained mutation: You are resistant to electric shocks.
                  | (rElec) [Black Draconian growth]
  5377 | D:4      | Reached * piety under Makhleb
  6209 | D:5      | Entered Level 5 of the Dungeon
  6229 | D:5      | Reached XP level 8. HP: 38/70 MP: 4/11
  6243 | D:5      | HP: 3/70 [centaur/arrow (2)]
  6243 | D:5      | HP: 1/70 [centaur/arrow (1)]
  6247 | D:5      | Shot with an arrow by a centaur

Illustrated notes

Levels and vault maps discovered:
D:1:      minmay_arrival_doors, layout_basic
D:2:      layout_loops_ring, chequers_decorated_corner, uniq_natasha,
          uniq_sigmund
D:3:      layout_basic, makhleb_altar_promises_db, serial_glass,
          glass_columns_c, glass_columns_a, trog_butcher_becter
D:4:      layout_rooms, serial_undead, serial_undead_e, serial_undead_a,
          serial_undead_d, serial_undead_a, serial_undead_b
D:5:      layout_rooms, temple_statues

Skill      XL: |  1  2  3  4  5  6  7 |
---------------+----------------------+-----
Fighting       | 2 4 5 6 |  6.3
Unarmed Combat | 4 5 6 |  6.7
Transmutations | 3 4 |  4.5
Dodging        | |  1.7
Spellcasting   | |  2.0

Action                   |  1- 3 |  4- 6 |  7- 9 || total
-------------------------+-------+-------+-------++-------
Melee: Unarmed           |   134 |   213 |   118 ||   465
       Kick              |     9 |       |     8 ||    17
       Tailslap          |     8 |    20 |    13 ||    41
       Headbutt          |     6 |       |     5 ||    11
       Punch             |     3 |     2 |       ||     5
 Cast: Beastly Appendage |     9 |       |     5 ||    14
       Spider Form       |       |    11 |     7 ||    18
 Abil: Breathe Lightning |       |       |     6 ||     6
       End Transformatio |       |       |     1 ||     1
Evoke: Wand              |       |       |     1 ||     1
  Use: Potion            |     1 |     2 |     4 ||     7
       Scroll            |       |       |     4 ||     4
 Stab: Sleeping          |       |     2 |       ||     2
Armor: Skin              |    43 |    48 |    50 ||   141
Dodge: Dodged            |   117 |   146 |   136 ||   399

Table legend: (Time is in decaauts)
 A = Elapsed time spent in this place.
 B = Non-inter-level travel time spent in this place.
 C = Inter-level travel time spent in this place.
 D = Time resting spent in this place.
 E = Time spent auto-exploring this place.
 F = Levels seen in this place.
 G = Mean time per level.
                   A        B        C        D        E       F      G
               +--------+--------+--------+--------+--------+-----+--------+
         Total |   6225 |   6136 |     89 |   2137 |   2939 |   5 | 1245.0 |
       Dungeon |   6225 |   6136 |     89 |   2137 |   2939 |   5 | 1245.0 |
               +--------+--------+--------+--------+--------+-----+--------+

Top non-repeatable levels by time:
     D:3: 2432 daAuts
     D:1: 2260 daAuts
     D:2: 857 daAuts
     D:4: 639 daAuts
     D:5: 35 daAuts
